Unix NetHack Version 5.0.0-0 post-release - last build Jun 10 2026 00:39:30 (3ee93aec679c4c4259841fe613dc97188e26a321,branch:main).

Game began 2026-07-02 23:00:19, ended 2026-07-03 02:20:32.

Calendula, neutral female human Wizard

    --------
   #-.......##       ---------------        ------------      -------
   #|......|         |.............|        |..........|      |.....|
   #|^...<`|         |.............|        |_.........|      |*....|
   #--------         |..........<..|       #-(......_..|######......|
   ###         #     |..............########._..........#     -----|-
    #            #  #..............| ` ##   |).........|##         #
    #     #  #    ###..------------.    #   |..........| #         #
    #    -|-.-    ### #                 #   ------------ #         #
    #    |^..|    ##  #                 #                #       ###
    ###  |..`|    #  ##                 #                #      ##
      #  |.^.----##   #                 #                #      #
      #  |.......##   ###        -------#                ### ---.-------
   ####  |....(.| #  ---.-      #|.....|#                  # |.........|
 --.--#  |..^^..|####...>-#######.......#                  ##-.........|
 |.?.|###-....^^.##  |...|       |.....|        .            |.........|
 |.@.|*%%## |.^.|#   |...|       -------          |          -----------
 |]@.-##*## |.^.|#   -----
 -----  ##  -----

Calendula the Thaumaturge  St:11 Dx:16 Co:15 In:18 Wi:14 Ch:10  Neutral
Dlvl:6  $:0  HP:0(58) Pw:10(77) AC:10 Xp:8 T:10647 

Latest messages:
 l - an uncursed plain spellbook.
 k - an uncursed plain spellbook.
 P - a spellbook of healing.
 h - a spellbook of knock.
 i - a spellbook of magic missile.
 o - a spellbook of sleep.
 r - a potion of blindness.
 D - a potion of extra healing.
 B - a potion of object detection.
 Z - an emerald ring.
 I - a silver ring.
 d - an uncursed ring of conflict.
 n - a ring of free action.
 c - a wand of cancellation (0:0).
 v - a wand of cancellation.
 p - a wand of make invisible (0:6).
 x - a wand of striking.
 E - a lock pick.
 q - an orange gem.
 t - a red gem.
 What do you want to drink? [rBD or ?*] ?
 You feel much better.
 You see here a scroll of enchant armor.
 Kiltamagh zaps a wand of striking!
 The wand hits you!
 "For you, scum; 143 zorkmids for this scroll of enchant armor."
 J - a scroll of enchant armor (unpaid, 143 zorkmids).
 Kiltamagh zaps a wand of striking!
 The wand hits you!
 In what direction? 9
 The sleep ray hits Kiltamagh.
 Kiltamagh hits!
 Kiltamagh hits again!
 Kiltamagh hits!
 Kiltamagh hits again!
 You see here a paperback book named A Hat Full of Sky (for sale, 36 zorkmids).
 You have no gold or credit.
 You have no gold or credit.
 You have no gold or credit.
 In what direction? 8
 The sleep ray hits Kiltamagh.
 Kiltamagh hits!
 Kiltamagh hits again!
 You die...
 Kiltamagh takes all your possessions.
 Do you want to see what you had when you died? [ynq] (y) y
 Do you want to see your attributes? [ynq] (y) n
 Do you want an account of creatures vanquished? [ynaq] (y) n
 Do you want to see your conduct and achievements? [ynq] (y) n
 Do you want to see the dungeon overview? [ynq] (y) n

Inventory:
 Weapons  (')')
  a - a +1 quarterstaff
 Armor    ('[')
  X - an uncursed +0 pair of leather gloves
  w - an uncursed +0 pair of iron shoes
  b - an uncursed +0 cloak of magic resistance
 Comestibles  ('%')
  u - 2 uncursed fortune cookies
  T - 2 uncursed lembas wafers
 Scrolls  ('?')
  H - a cursed scroll of create monster
  J - an uncursed scroll of enchant armor
  G - an uncursed scroll of light
 Spellbooks  ('+')
  k - an uncursed spellbook of blank paper
  l - an uncursed spellbook of blank paper
  P - an uncursed spellbook of healing
  h - an uncursed spellbook of knock
  i - an uncursed spellbook of magic missile
  o - an uncursed spellbook of sleep
 Potions  ('!')
  r - a cursed potion of blindness
  B - a blessed potion of object detection
 Rings    ('=')
  d - an uncursed ring of conflict
  I - an uncursed ring of fire resistance
  n - an uncursed ring of free action
  Z - an uncursed ring of protection from shape changers
  F - an uncursed ring of regeneration (on right hand)
 Wands    ('/')
  v - a wand of cancellation (0:4)
  c - a wand of cancellation (0:0)
  p - a wand of make invisible (0:6)
  x - a wand of striking (0:0)
 Tools    ('(')
  E - an uncursed lock pick
  y - a rustproof +0 pick-axe (weapon in right hand)
  C - an uncursed towel
 Gems/Stones  ('*')
  q - an uncursed worthless piece of orange glass
  t - an uncursed worthless piece of red glass

Calendula the Wizard's attributes:

Background:
 You were a Thaumaturge, a level 8 female human Wizard.
 You were neutral, on a mission for Thoth
 who was opposed by Ptah (lawful) and Anhur (chaotic).
 You were right-handed.
 You were in the Dungeons of Doom, on level 6.
 You entered the dungeon 10647 turns ago.
 It was nighttime.
 You had 1839 experience points, 721 more were needed to attain level 9.

Basics:
 You had 0 out of 58 hit points.
 You had 10 out of 77 energy points (spell power).
 Your armor class was 10.
 Your wallet was empty.
 Autopickup was off.

Final Characteristics:
 Your strength was 11 (peak:14, limit:18/100).
 Your dexterity was 16 (limit:18).
 Your constitution was 15 (limit:18).
 Your intelligence was 18 (limit:18).
 Your wisdom was 14 (limit:18).
 Your charisma was 10 (limit:18).

Final Status:
 You weren't hungry.
 You were unencumbered.
 You were wielding a pick-axe.
 You had no skill with pick-axe.
 You weren't wearing any armor.

Final Attributes:
 You were piously aligned.
 You were level-drain resistant.
 You saw invisible.
 You were invisible to others.
 You regenerated.
 You were a werewolf.
 You were harmed by silver.
 You were unlucky.
 Thoth was angry with you.
 You are dead.

Miscellaneous:
 You encountered 3 bones levels.
 Total elapsed playing time was 3 hours, 19 minutes and 54 seconds.

Major events:
 Turn
    1: Calendula the neutral female human Wizard entered the dungeon
 1112: entered the Gnomish Mines
 1122: attained the rank of Conjurer (level 3)
 3433: consulted the Oracle
 4075: attained the rank of Thaumaturge (level 6)
 4444: entered Sokoban
 4862: reached Mine Town
 9735: declined to perform genocide
10647: killed by Ms. Kiltamagh; the shopkeeper

Spells:
 Name                 Level Category     Fail Retention
 force bolt             1   attack         0%   41%-50%
 cure blindness         2   healing       43%   26%-50%
 healing                1   healing        0%  76%-100%
 magic missile          2   attack         0%   81%-90%
 sleep                  3   enchantment    0%   81%-90%

Skills:
 Fighting Skills
   bare handed combat [Unskilled]
   riding             [Unskilled]
 Weapon Skills
   dagger             [Unskilled]
   knife              [Unskilled]
   axe                [Unskilled]
   short sword        [Unskilled]
   club               [Unskilled]
   mace               [Unskilled]
   quarterstaff       [Basic]
   polearms           [Unskilled]
   spear              [Unskilled]
   trident            [Unskilled]
   sling              [Unskilled]
   dart               [Unskilled]
   shuriken           [Unskilled]
 Spellcasting Skills
   attack spells      [Basic]
   healing spells     [Unskilled]
   divination spells  [Unskilled]
   enchantment spells [Basic]
   clerical spells    [Unskilled]
   escape spells      [Unskilled]
   matter spells      [Unskilled]

Voluntary challenges:
 Character rerolling was not enabled.
 You never genocided any monsters.
 You never polymorphed an object.
 You used no wishes.
 You did not violate any of the special Sokoban rules.
Achievements:
 You entered the Gnomish Mines.
 You attained the rank of Conjurer.
 You consulted the Oracle of Delphi.
 You entered a shop.
 You attained the rank of Thaumaturge.
 You entered Sokoban.
 You entered Minetown.
 You entered a temple.

 The Dungeons of Doom: levels 1 to 10
    Level 1:
       An altar, a fountain.
    Level 2:
       Stairs down to The Gnomish Mines.
    Level 3:
    Level 4:
       Many altars, a fountain, a grave.
       Final resting place for
          ARFwashere-Arc-Hum-Mal-Neu, killed by a werejackal.
    Level 5:
       Many fountains.
       Oracle of Delphi.
       Final resting place for
          h2g2-Ran-Elf-Fem-Cha, killed by a rothe.
    Level 6: <- You were here.
       A scroll shop, many altars.
       Stairs up to Sokoban, level 5.
       Final resting place for
          you, killed by Ms. Kiltamagh; the shopkeeper.
    Level 7:
       Some graves.
       Final resting place for
          magnolian-Val-Hum-Fem-Law, killed by a gold golem.
    Level 8:
       A throne.
    Level 9:
       A sink.
    Level 10:
 The Gnomish Mines: levels 3 to 5
    Level 3:
    Level 4:
    Level 5:
       A temple and an altar, some fountains.
 Sokoban:
    Level 5:
       Unsolved.


Vanquished creatures:
  a pyrolisk
  a dwarf ruler
  2 tengu
  2 ochre jellies
  2 giant beetles
  2 wolves
  a winter wolf cub
  a lynx
  a giant spider
  2 gnome rulers
  2 owlbears
  a yeti
  a gold golem
  a werewolf
  3 lizards
  a dingo
  a housecat
  a dwarf leader
  a blue jelly
  2 dust vortices
  a raven
  2 human zombies
  2 Woodland-elves
  7 bugbears
  a wood nymph
  a mountain nymph
  a Mordor orc
  4 rock piercers
  a rock mole
  2 ponies
  a fog cloud
  a yellow light
  6 gnome leaders
  6 gnomish wizards
  2 elf zombies
  2 ghouls
  a paper golem
  2 giant ants
  a little dog
  3 floating eyes
  6 dwarves
  4 homunculi
  a kobold leader
  2 kobold shamans
 14 hill orcs
  2 rothes
  a rabid rat
  a giant bat
  a monkey
 an orc zombie
 10 dwarf zombies
  a werejackal
  6 iguanas
 an acid blob
  a gas spore
  2 hobbits
  3 manes
 13 hobgoblins
  2 giant rats
  2 cave spiders
  2 brown molds
  a yellow mold
  3 green molds
  2 red molds
 27 gnomes
  a garter snake
  a gnome zombie
  5 geckos
 10 jackals
  a fox
  2 kobolds
  5 goblins
  4 sewer rats
  6 grid bugs
  8 lichens
  2 kobold zombies
  6 newts
236 creatures vanquished.

No species were genocided or became extinct.

Game over:
                       ----------
                      /          \
                     /    REST    \
                    /      IN      \
                   /     PEACE      \
                  /                  \
                  |    Calendula     |
                  |       0 Au       |
                  |  killed by Ms.   |
                  |  Kiltamagh; the  |
                  |    shopkeeper    |
                  |                  |
                  |       2026       |
                 *|     *  *  *      | *
        _________)/\\_//(\/(/\)/\//\/|_)_______

Goodbye Calendula the Wizard...

You died in The Dungeons of Doom on dungeon level 6 with 8835 points,
and 0 pieces of gold, after 10647 moves.
You were level 8 with a maximum of 58 hit points when you died.

